 Dungeon Crawl Stone Soup version 0.22.1-1-ga44c0e56f4 (webtiles) character file.

9207 TobiboT the Fighter (level 11, -8/107 HPs)
             Began as a Minotaur Berserker on Sept 23, 2018.
             Was a High Priest of Trog.
             Mangled by a spiny frog (10 damage)
             ... on level 3 of the Lair of Beasts on Sept 29, 2018.
             The game lasted 00:38:57 (10343 turns).

TobiboT the Fighter (Minotaur Berserker)           Turns: 10343, Time: 00:38:58

Health: -8/107     AC: 16    Str: 22    XL:     11   Next: 20%
Magic:  0/10       EV: 10    Int:  4    God:    Trog [*****.]
Gold:   530        SH:  0    Dex: 13    Spells: 10/10 levels left

rFire    . . .     SeeInvis .   L - +2 war axe (flame)
rCold    . . .     Gourm    .   (no shield)
rNeg     + . .     Faith    .   s - +0 plate armour
rPois    .         Spirit   +   (helmet restricted)
rElec    .         Reflect  .   K - scarf {Spirit}
rCorr    +         Harm     .   E - +2 pair of gloves
MR       ++...                  (no boots)
Stlth    ..........             (no amulet)
HPRegen  1.27/turn              u - ring of positive energy
MPRegen  0.12/turn              C - ring of resist corrosion

@: lethally poisoned (-8 -> -8), berserk cooldown, very slightly contaminated,
starving, regenerating, slowed, very slow
A: retaliatory headbutt, horns 2
a: Berserk, Trog's Hand, Brothers in Arms, Renounce Religion


You were on level 3 of the Lair of Beasts.
You worshipped Trog.
Trog was extremely pleased with you.
You were starving.

You visited 2 branches of the dungeon, and saw 11 of its levels.
You also visited: Ossuary.

You collected 530 gold pieces.

Inventory:

Hand Weapons
 L - a +2 war axe of flaming (weapon)
Missiles
 e - 4 poisoned tomahawks
 j - 443 stones (quivered)
 x - 7 tomahawks
 M - 5 javelins
 O - 6 javelins of returning
Armour
 s - a +0 plate armour (worn)
 E - a +2 pair of gloves (worn)
 K - a scarf of spirit shield (worn)
Jewellery
 u - a ring of positive energy (left hand)
 C - a ring of resist corrosion (right hand)
 H - an uncursed ring of see invisible
Wands
 D - a wand of scattershot (10)
Scrolls
 a - a scroll of torment {unknown}
 b - 2 scrolls of immolation {unknown}
 f - 5 scrolls of remove curse
 h - a scroll of blinking
 l - 3 scrolls of magic mapping {unknown}
 n - 4 scrolls of fear
 o - a scroll of fog {unknown}
 r - 2 scrolls of teleportation {unknown}
 t - 9 scrolls of enchant armour
 w - 6 scrolls of enchant weapon {unknown}
 y - 4 scrolls of amnesia {unknown}
 B - a scroll of random uselessness {unknown}
 G - 2 scrolls of noise {unknown}
Potions
 d - 6 potions of lignification
 g - 3 potions of resistance
 i - 3 potions of berserk rage
 k - 4 potions of cancellation
 m - 8 potions of curing
 q - 5 potions of mutation
 v - a potion of heal wounds {unknown}
 z - 3 potions of agility {unknown}
 A - a potion of haste {unknown}
 F - a potion of might
 I - a potion of flight {unknown}
 J - a potion of magic {unknown}
 N - 4 potions of brilliance
Comestibles
 c - 23 rations


   Skills:
 * Level 13.0 Fighting
 * Level 12.7 Axes
 + Level 7.9 Armour
 + Level 7.5 Dodging


You had 10 spell levels left.
You didn't know any spells.
Your spell library contained the following spells:

 Spells                   Type           Power        Failure   Level  Hunger
 Summon Small Mammal      Summ           #...         100%        1    ##.....
 Call Imp                 Summ           #.......     100%        2    ###....
 Call Canine Familiar     Summ           #.......     100%        3    ####...
 Summon Guardian Golem    Hex/Summ       #.......     100%        3    ####...
 Summon Ice Beast         Ice/Summ       #.......     100%        4    #####..
 Summon Lightning Spire   Summ/Air       #.......     100%        4    #####..


Dungeon Overview and Level Annotations

Branches:
Dungeon (8/15)             Temple (0/1) D:6            Lair (3/6) D:8
 Spider (0/4) Lair:2
  Swamp: Lair:2-4    Shoals: Lair:2-4

Altars:
Dithmenos
Elyvilon
Gozag
Makhleb
Okawaru
Qazlal
Ru
Sif Muna
Trog
Vehumet
Wu Jian
Xom
The Shining One


Innate Abilities, Weirdness & Mutations

You reflexively headbutt those who attack you in melee.
You have a pair of horns on your head.


Message History

You feel sick.
* * * LOW HITPOINT WARNING * * *
You feel very sick.
Blink to where?
Press: ? - help, Dir - move target cursor You are very lightly contaminated with residual magic.
As you read the scroll of blinking, it crumbles to dust.
* * * LOW HITPOINT WARNING * * *
You feel sick.
Found a plate armour.
Your skin crawls.
You feel resistant to hostile enchantments.
You are starving!
You feel sick.
* * * LOW HITPOINT WARNING * * *
You feel very sick.
You feel sick.
You feel sick.
You feel sick. The spiny frog stings you!
You die...

...................##.....##...
....#.#..##..†.....#).....# ...
#######..##.........#.....# ..
#.P.#............(.##
#.............#....#
..................#
#.......r...........
..#.#...F...........#
#.###...@.........
#............. #...........
#......[.... #...........
#P.....####. ##.....# #.....#


You could see a spiny frog and a porcupine.

Vanquished Creatures
  A hydra (D:8)
  A two-headed ogre (D:7)
  Urug (Lair:1)
  A black mamba (Lair:3)
  3 komodo dragons
  5 spiny frogs
  A jumping spider (Lair:2)
  Grinder (D:6)
  A hippogriff (Lair:2)
  A basilisk (Lair:2)
  6 yaks
  3 hogs (D:7)
  A human (D:7)
  A hungry ghost (D:7)
  A water moccasin (Lair:2)
  2 ice beasts
  3 porcupines
  A necrophage (D:8)
  An ogre (D:7)
  A centaur (D:5)
  A crocodile (Lair:1)
  A big kobold (D:8)
  Blork the orc (D:5)
  A scorpion (D:6)
  A wyvern skeleton (D:6)
  3 killer bees (D:5)
  5 howler monkeys
  2 electric eels (D:8)
  4 crimson imps
  A centaur zombie (D:6)
  A jelly (D:8)
  2 hounds
  6 orc wizards
  2 iguanas
  4 worker ants
  A hound skeleton (D:8)
  3 mummies
  4 gnolls (D:4)
  9 adders
  3 river rats (D:4)
  A shadow imp (D:5)
  2 adder zombies (Ossuary)
  An adder skeleton (D:8)
  3 worms
  4 dart slugs
  3 leopard geckos
  32 orcs
  3 ball pythons
  8 giant cockroaches
  9 goblins
  5 hobgoblins
  14 jackals
  13 kobolds
  A quokka (D:2)
  5 bats
  3 frilled lizards
  2 goblin zombies (Ossuary)
  7 hobgoblin zombies (Ossuary)
  2 jackal zombies
  16 kobold zombies
  8 orc zombies (Ossuary)
  2 quokka zombies
  8 rats
  3 rat zombies (Ossuary)
  7 plants
253 creatures vanquished.

Vanquished Creatures (others)
  A quokka (D:8)
  2 plants (D:8)
3 creatures vanquished.

Grand Total: 256 creatures vanquished

Notes
Turn   | Place    | Note
-------+----------+-------------------------------------------
     0 | D:1      | TobiboT the Minotaur Berserker began the quest for the Orb.
     0 | D:1      | Reached XP level 1. HP: 19/19 MP: 0/0
    90 | D:1      | Reached XP level 2. HP: 27/27 MP: 1/1
   417 | D:1      | Reached skill level 4 in Fighting
   432 | D:1      | Reached ** piety under Trog
   533 | D:1      | Reached XP level 3. HP: 33/33 MP: 2/2
  1688 | D:3      | Reached XP level 4. HP: 32/41 MP: 3/3
  2196 | D:3      | Reached *** piety under Trog
  2322 | D:4      | Reached XP level 5. HP: 47/47 MP: 4/4
  2558 | D:4      | Reached skill level 5 in Fighting
  2558 | D:4      | Reached skill level 5 in Axes
  2597 | D:4      | Reached XP level 6. HP: 29/56 MP: 5/5
  3495 | D:5      | Entered Level 5 of the Dungeon
  3530 | D:5      | Noticed Blork the orc
  3543 | D:5      | Killed Blork the orc
  3712 | D:5      | Reached skill level 5 in Armour
  3712 | D:5      | Reached XP level 7. HP: 62/62 MP: 6/6
  3787 | D:5      | Reached **** piety under Trog
  3802 | D:5      | Reached skill level 6 in Fighting
  3829 | D:5      | Reached skill level 5 in Dodging
  3904 | D:5      | Reached skill level 7 in Fighting
  4014 | D:5      | Found a sand-covered staircase.
  4018 | Ossuary  | Entered an ossuary
  4113 | Ossuary  | Reached XP level 8. HP: 57/73 MP: 7/7
  4118 | Ossuary  | Reached ***** piety under Trog
  4323 | D:5      | Found a shadowy altar of Dithmenos.
  4740 | D:6      | Found a staircase to the Ecumenical Temple.
  4773 | D:6      | Noticed Grinder
  4822 | D:6      | Killed Grinder
  4822 | D:6      | Reached skill level 8 in Fighting
  4903 | D:6      | Found a radiant altar of Vehumet.
  5016 | D:6      | You fall through a shaft!
  5062 | D:7      | Found a shimmering altar of Xom.
  5063 | D:7      | Found a glowing golden altar of the Shining One.
  5063 | D:7      | Found a burning altar of Makhleb.
  5065 | D:7      | Found a bloodstained altar of Trog.
  5065 | D:7      | Found a deep blue altar of Sif Muna.
  5133 | D:7      | Reached skill level 9 in Fighting
  5365 | D:7      | Paralysed by fainting for 11 turns
  5378 | D:7      | Found a sacrificial altar of Ru.
  5380 | D:7      | Found an opulent altar of Gozag.
  5382 | D:7      | Found an ornate altar of the Wu Jian Council.
  5447 | D:7      | Paralysed by fainting for 5 turns
  5456 | D:7      | Paralysed by fainting for 12 turns
  5474 | D:7      | Found a stormy altar of Qazlal.
  5483 | D:7      | Found an iron altar of Okawaru.
  5878 | D:7      | Reached XP level 9. HP: 76/84 MP: 8/8
  5883 | D:7      | Reached skill level 10 in Axes
  5889 | D:7      | Reached skill level 10 in Fighting
  6050 | D:7      | Found a bloodstained altar of Trog.
  6161 | D:8      | Noticed a two-headed ogre
  6169 | D:8      | HP: 1/86 [two-headed ogre/giant spiked club (20)]
  7030 | D:7      | Killed a two-headed ogre
  7030 | D:7      | Reached skill level 11 in Fighting
  7373 | D:8      | Noticed a komodo dragon
  7388 | D:8      | Killed a komodo dragon
  7388 | D:8      | Reached XP level 10. HP: 48/96 MP: 9/9
  7540 | D:8      | Found a white marble altar of Elyvilon.
  7607 | D:8      | Found a staircase to the Lair.
  8035 | Lair:1   | Entered Level 1 of the Lair of Beasts
  8035 | Lair:1   | Noticed an eight-headed hydra
  8048 | D:8      | Killed a two-headed hydra
  8320 | Lair:1   | Noticed a spiny frog
  8326 | Lair:1   | Killed a spiny frog
  8371 | Lair:1   | Noticed Urug
  8389 | D:8      | Reached skill level 12 in Fighting
  8634 | Lair:1   | Killed Urug
  8643 | Lair:1   | HP: 3/97 [poisoned by Urug]
  8646 | Lair:1   | HP: 1/97 [poisoned by Urug]
  8651 | Lair:1   | HP: 3/97 [poisoned by Urug]
  9193 | Lair:1   | Noticed a spiny frog
  9201 | Lair:1   | Killed a spiny frog
  9753 | Lair:2   | Found a hole to the Spider Nest.
  9829 | Lair:2   | Reached XP level 11. HP: 90/105 MP: 10/10
 10317 | Lair:3   | Reached skill level 13 in Fighting
 10337 | Lair:3   | HP: 4/107 [poisoned by a spiny frog]
 10340 | Lair:3   | HP: 1/107 [poisoned by a spiny frog]
 10343 | Lair:3   | Mangled by a spiny frog

Skill      XL: |  1  2  3  4  5  6  7  8  9 10 11 |
---------------+----------------------------------+-----
Axes           | 4 5 7 9 11 12 | 12.7
Fighting       | 4 5 7 9 11 12 13 | 13.0
Armour         | 3 4 5 6 7 |  7.9
Dodging        | 3 4 5 6 7 |  7.5

Action                   |  1- 3 |  4- 6 |  7- 9 | 10-12 || total
-------------------------+-------+-------+-------+-------++-------
Melee: Hand axe          |    84 |   151 |   270 |       ||   505
       Headbutt          |    12 |    29 |    66 |    38 ||   145
       War axe           |       |       |    34 |   116 ||   150
Throw: Stone             |       |       |     3 |       ||     3
Invok: Berserk           |       |     3 |     2 |     4 ||     9
       Trog's Hand       |       |     1 |     1 |     3 ||     5
  Use: Scroll            |       |       |     8 |     5 ||    13
       Potion            |       |       |       |     1 ||     1
 Stab: Sleeping          |     1 |       |       |       ||     1
  Eat: Chunk             |     2 |     9 |    11 |    12 ||    34
       Ration            |       |       |     2 |       ||     2
Armor: Animal skin       |     5 |       |       |       ||     5
       Ring mail         |    12 |       |       |       ||    12
       Plate armour      |     4 |    96 |   212 |    44 ||   356
Dodge: Dodged            |    68 |    51 |   136 |    43 ||   298
